 Dungeon Crawl Stone Soup version 0.31-a0-1591-g515db51633 (webtiles) character file.

Game seed: 9289734161066723359

2727 octoduck the Fighter (level 9, -2/67 HPs)
             Began as a Djinni Conjurer on Jan 6, 2024.
             Was an Initiate of Ashenzari.
             Slain by a hellwing (15 damage)
             ... created by the fury of Makhleb
             ... on level 7 of the Dungeon.
             The game lasted 00:22:58 (5934 turns).

octoduck the Fighter (Djinni Conjurer)              Turns: 5934, Time: 00:22:59

Health: -2/67      AC:  3    Str:  8    XL:     9   Next: 99%
Gold:   259        EV: 12    Int: 27    God:    Ashenzari [......] SH:  0 Dex: 13

rFire   + + +        a - +0 short sword (protect)
rCold   x . .        (no shield)
rNeg    + . .        k - +0 robe {rN+}
rPois   ∞            (no helmet)
rElec   .            (no cloak)
rCorr   .            m - +0 pair of gloves
SInv    .            (boots unavailable)
Will    .....        c - amulet of regeneration
Stlth   +++          s - ring of protection from fire
HPRegen 1.11/turn    v - +6 ring of intelligence
MPRegen 0.00/turn

%: random rage (3%), infuse magic (-3 HP)
@: flying, hasted, very quick
A: sickness immunity, fire resistance 2, cold vulnerability 1, float, innate
caster, HP casting, extra vitality 1, berserk 1, frail 1
a: Renounce Religion, Curse Item


You were on level 7 of the Dungeon.
You worshipped Ashenzari.
Ashenzari was noncommittal.
You visited 2 branches of the dungeon, and saw 8 of its levels.

You collected 259 gold pieces.

Inventory:

Hand Weapons
 a - a +0 short sword of protection (weapon)
Missiles
 u - 3 javelins
Armour
 k - a +0 robe of positive energy (worn)
 m - a +0 pair of gloves (worn)
Magical Staves
 o - a staff of alchemy
Jewellery
 c - an amulet of regeneration (around neck)
 s - a ring of protection from fire (left hand)
 v - a +6 ring of intelligence (right hand)
 w - a ring of wizardry
Wands
 p - a wand of polymorph (4)
Scrolls
 b - a scroll of blinking {unknown}
 d - a scroll of revelation {unknown}
 f - 2 scrolls of fog
 g - 2 scrolls of vulnerability
 l - a scroll of immolation {unknown}
 n - a scroll of torment {unknown}
 r - a scroll of acquirement {unknown}
 y - a scroll of noise {unknown}
Potions
 h - 2 potions of might
 i - a potion of resistance
 q - 2 potions of enlightenment
 t - a potion of lignification {unknown}
 x - a potion of mutation {unknown}
 A - a potion of heal wounds {unknown}


   Skills:
 * Level 10.5 Fighting
 - Level 2.1 Dodging
 + Level 7.0 Stealth
 - Level 3.5 Spellcasting
 - Level 3.5 Conjurations
 - Level 3.5 Hexes
 - Level 3.5 Summonings
 - Level 3.5 Necromancy
 - Level 3.5 Translocations
 - Level 3.5 Fire Magic
 - Level 3.5 Ice Magic
 - Level 3.5 Air Magic
 - Level 3.5 Earth Magic
 - Level 3.5 Alchemy


You knew the following spells:

 Your Spells              Type           Power      Damage    Failure   Level
a - Magic Dart            Conj           96%        1d7       1%          1
b - Sandblast             Erth           48%        2d12      1%          1
c - Fulminant Prism       Conj/Alch      12%        3d8       19%         4
d - Iskenderun's Mystic   Conj/Tloc      24%        2d7       19%         4
e - Searing Ray           Conj           48%        2d6       3%          2
f - Jinxbite              Hex            48%        N/A       3%          2
g - Frozen Ramparts       Ice            48%        1d8       6%          3
h - Ozocubu's Armour      Ice            24%        N/A       6%          3
Your spell library was empty.

Dungeon Overview and Level Annotations

Branches:
Dungeon (7/15)             Temple (1/1) D:4

Altars:
Ashenzari
Cheibriados
Dithmenos
Elyvilon
Fedhas
Gozag
Makhleb
Nemelex Xobeh
Okawaru
Qazlal
Trog
Uskayaw
Wu Jian
Xom
Yredelemnul
Zin
The Shining One

Shops:
D:5 :

Annotations:
D:4 Eustachio
D:5 1 runed translucent door, VoidStrider's ghost, novice GrEE


Innate Abilities, Weirdness & Mutations

You are immune to sickness and miasma.
You are immune to poison.
Your flesh is very heat resistant. (rF++)
You are vulnerable to cold. (rC-)
You float through the air rather than walking.
You learn spells naturally, not from books.
Your magical power is your life essence.
You have superior vitality. (+4 MHP)
You sometimes lose your temper in combat.
You are frail. (-10% HP)


Message History

You kill the ufetubus!
Your fulminant prism crackles loudly.
The wall freezes the hellwing but does no damage.
The hellwing hits you!
* * * LOW HITPOINT WARNING * * *
The hellwing hits you.
* * * LOW HITPOINT WARNING * * *
Casting: Sandblast (safe; 1% risk of failure)
Confirm with . or Enter, or press ? or * to list all spells.
Aiming: Sandblast (safe; 1% risk of failure)
Press: ? - help, Shift-Dir - straight line, f/p - hellwing
Aim: a hellwing (durably summoned, ally target, 83% to hit)
The blast of sand misses the hellwing.
* * * LOW HITPOINT WARNING * * *
The phantom resists.
The wall freezes the phantom.
Your fulminant prism explodes!
The blast of energy engulfs the hellwing!
The hellwing is moderately wounded.
The wall freezes the hellwing but does no damage.
The hellwing misses you. The hellwing closely misses you.
The phantom resists.
The wall freezes the phantom.
Okay, then.
You feel yourself speed up.
The wall freezes the hellwing but does no damage.
The hellwing closely misses you.
The hellwing hits you but does no damage.
The phantom resists.
The wall freezes the phantom.
You feel better.
The wall freezes the hellwing but does no damage.
The hellwing hits you!
* * * LOW HITPOINT WARNING * * *
The hellwing misses you.
Casting: Sandblast (safe; 1% risk of failure)
Confirm with . or Enter, or press ? or * to list all spells.
Aiming: Fulminant Prism (dangerous; 19% risk of failure)
Press: ? - help, Dir - move target, p - hellwing
Okay, then.
The frozen ramparts melt away as you move.
The hellwing attacks as it pursues you! The hellwing hits you!
You die...

... #............##.#
..##.###........##.# ..#
#.........#.# #.#
#........>..# #.#
########..### #W# ##..#
#######.#### #.###
#.......4..# ####.#
#........@.# ##....##+.+
#..........#.##....)......
#..........#.....###......
#..........####.†# ..⌠.⌠.
#..........##....###.8...8
#..........##.............
#...................##+.+#
#...................# [#
#######.............#


You could see a hellwing and a phantom.

Vanquished Creatures
  A troll (D:7)
  A neqoxec (D:6)
  9 yaks
  A black bear (D:7)
  2 ogres
  3 centaurs (D:6)
  A kobold brigand (D:6)
  2 scorpions (D:5)
  A bombardier beetle (D:5)
  3 orc priests
  3 jellies
  2 iguanas
  3 orc wizards
  8 adders
  A shadow imp (D:6)
  4 ufetubi
  A ribbon worm (D:2)
  A dart slug (D:1)
  14 orcs
  6 endoplasms
  3 giant cockroaches
  3 goblins
  9 hobgoblins
  9 jackals (D:1)
  9 kobolds
  A quokka (D:2)
  8 ball pythons
  2 bats (D:2)
  4 frilled lizards
  11 rats
126 creatures vanquished.

Vanquished Creatures (others)
  5 fulminant prisms
5 creatures vanquished.

Grand Total: 131 creatures vanquished

Notes
Turn   | Place    | Note
-------+----------+-------------------------------------------
     0 | D:1      | octoduck the Djinni Conjurer began the quest for the Orb.
     0 | D:1      | octoduck set off with the following spells memorised: Magic
                  | Dart, Searing Ray, Fulminant Prism, Iskenderun's Mystic
                  | Blast.
     0 | D:1      | Reached XP level 1. HP: 15/15 MP: 0/0
   199 | D:1      | Reached skill level 1 in Fighting
   199 | D:1      | Reached XP level 2. HP: 14/22 MP: 0/0
   656 | D:1      | Reached XP level 3. HP: 28/28 MP: 0/0
   656 | D:1      | Learned a level 1 spell: Sandblast
   851 | D:1      | Found a faded altar of an unknown god.
   858 | D:1      | Reached skill level 2 in Fighting
  1062 | D:1      | Prayed at the altar of an unknown god.
  1062 | D:1      | Became a worshipper of Makhleb the Destroyer
  1062 | D:1      | Reached * piety under Makhleb
  1393 | D:2      | Reached XP level 4. HP: 34/34 MP: 0/0
  1706 | D:2      | Reached skill level 3 in Fighting
  1844 | D:3      | Reached XP level 5. HP: 40/40 MP: 0/0
  1844 | D:3      | Learned a level 2 spell: Jinxbite
  1961 | D:3      | Reached ** piety under Makhleb
  2148 | D:3      | Found a white marble altar of Elyvilon.
  2269 | D:3      | Found a sparkling altar of Nemelex Xobeh.
  2445 | D:4      | Found a staircase to the Ecumenical Temple.
  2455 | Temple   | Entered the Ecumenical Temple
  2474 | Temple   | Fell from the grace of Makhleb
  2474 | Temple   | Became a worshipper of Ashenzari the Shackled
  2544 | D:4      | Noticed Eustachio
  2703 | D:4      | Reached skill level 4 in Fighting
  2809 | D:4      | Noticed a smoke demon
  2834 | D:4      | Reached XP level 6. HP: 45/47 MP: 0/0
  2839 | D:5      | Entered Level 5 of the Dungeon
  3051 | D:5      | Noticed an ogre
  3254 | D:5      | Found a runed translucent door.
  3257 | D:5      | Noticed VoidStrider's ghost (novice GrEE)
  3274 | D:5      | Reached skill level 5 in Fighting
  3380 | D:5      | Noticed a neqoxec
  3380 | D:5      | Noticed a hellwing
  3579 | D:5      | Reached XP level 7. HP: 53/54 MP: 0/0
  3579 | D:5      | Learned a level 3 spell: Frozen Ramparts
  3830 | D:5      | Reached skill level 6 in Fighting
  3932 | D:5      | Found Pamuet's Book Emporium.
  4195 | D:6      | Reached XP level 8. HP: 35/62 MP: 0/0
  4258 | D:6      | Noticed a yak
  4258 | D:6      | Noticed a yak
  4302 | D:6      | Found a hide-covered altar of Uskayaw.
  4344 | D:6      | Noticed a yak
  4345 | D:6      | Noticed a yak
  4375 | D:5      | Killed a yak
  4376 | D:5      | Reached skill level 7 in Fighting
  4376 | D:5      | Reached skill level 5 in Stealth
  4412 | D:6      | Killed a yak
  4507 | D:5      | Killed a yak
  4508 | D:5      | Reached skill level 8 in Fighting
  4529 | D:6      | Killed a yak
  4595 | D:6      | Reached XP level 9. HP: 71/71 MP: 0/0
  4595 | D:6      | Learned a level 3 spell: Ozocubu's Armour
  5391 | D:6      | Reached skill level 9 in Fighting
  5554 | D:6      | Gained mutation: You sometimes lose your temper in combat.
                  | [a neqoxec]
  5568 | D:6      | Reached skill level 10 in Fighting
  5568 | D:6      | Gained mutation: You are frail. (-10% HP) [a neqoxec]
  5833 | D:7      | Noticed a troll
  5839 | D:7      | Killed a troll
  5922 | D:7      | Noticed a hellwing
  5934 | D:7      | Slain by a hellwing

Illustrated notes

Levels and vault maps discovered:
D:1:      dpeg_arrival_tiny_b, layout_basic, ebering_ecumenical_altar_petrified
D:2:      layout_rooms
D:3:      layout_rooms, lemuel_doored_altar, nemelex_altar_shiori
D:4:      layout_basic, gammafunk_temple_overflow_statue,
          minmay_temple_entry_tees, st_stairs_7, chequers_mini_garden,
          uniq_eustachio
D:5:      layout_loops_corners, ebering_ghost_reflecting_pool, serial_shops,
          shop, serial_park_tiny_2, dreamdust_princess_corridor,
          nicolae_elevator_lobby_plus
D:6:      layout_basic, nicolae_uskayaw_murder_on_the_dancefloor,
          nicolae_sif_muna_little_library
D:7:      layout_basic, hellmonk_guarded_unrand_lears
Temple:   regret_index_temple_generic_petals

Skill      XL: |  1  2  3  4  5  6  7  8  9 |
---------------+----------------------------+-----
Fighting       | 1 2 3 4 5 6 8 10 | 10.5
Stealth        | 2 3 4 5 7 |  7.0
Dodging        | |  2.1
Spellcasting   | |  3.5
Conjurations   | |  3.5
Hexes          | |  3.5
Summonings     | |  3.5
Necromancy     | |  3.5
Translocations | |  3.5
Fire Magic     | |  3.5
Ice Magic      | |  3.5
Air Magic      | |  3.5
Earth Magic    | |  3.5
Alchemy        | |  3.5

Action                     |  1- 3 |  4- 6 |  7- 9 || total
---------------------------+-------+-------+-------++-------
  Melee: Unarmed           |     1 |       |       ||     1
         Short sword       |       |     4 |    20 ||    24
         Punch             |       |       |     1 ||     1
   Cast: Magic Dart        |    87 |    74 |    35 ||   196
         Searing Ray       |       |    15 |    10 ||    25
         Sandblast         |       |     3 |    40 ||    43
         Frozen Ramparts   |       |       |    21 ||    21
         Fulminant Prism   |       |       |     5 ||     5
         Iskenderun's Myst |       |       |     2 ||     2
    Use: Scroll            |     3 |     6 |     2 ||    11
         Potion            |       |       |     3 ||     3
   Stab: Sleeping          |       |       |     1 ||     1
 Armour: Robe              |     5 |     9 |    93 ||   107
  Dodge: Dodged            |    12 |    16 |    82 ||   110

Table legend: (Time is in decaauts)
 A = Elapsed time spent in this place.
 B = Non-inter-level travel time spent in this place.
 C = Inter-level travel time spent in this place.
 D = Time resting spent in this place.
 E = Time spent auto-exploring this place.
 F = Levels seen in this place.
 G = Mean time per level.
                   A        B        C        D        E       F      G
               +--------+--------+--------+--------+--------+-----+--------+
         Total |   5963 |   5525 |    438 |   1321 |   2807 |   8 |  745.4 |
       Dungeon |   5926 |   5522 |    404 |   1321 |   2807 |   7 |  846.6 |
        Temple |     36 |      2 |     34 |      0 |      0 |   1 |   36.0 |
               +--------+--------+--------+--------+--------+-----+--------+

Top non-repeatable levels by time:
     D:6: 1489 daAuts
     D:5: 1389 daAuts
     D:1: 1332 daAuts
     D:3: 600 daAuts
     D:2: 496 daAuts
     D:4: 375 daAuts
     D:7: 243 daAuts
  Temple: 36 daAuts
